 Dungeon Crawl Stone Soup version 0.25.1-8-g42b30a86e7 (webtiles) character file.

Game seed: 4306442744373664196

133 pokeman the Magician (level 4, -6/25 HPs)
             Began as a Deep Elf Wizard on Nov 30, 2020.
             Killed from afar by an orc wizard (7 damage)
             ... with a puff of frost
             ... on level 3 of the Dungeon.
             The game lasted 00:07:51 (3404 turns).

pokeman the Magician (Deep Elf Wizard)              Turns: 3404, Time: 00:07:51

Health: -6/25      AC:  6    Str:  4    XL:     4   Next: 94%
Magic:  2/14       EV: 12    Int: 24    God:
Gold:   225        SH:  0    Dex: 13    Spells: 4/15 levels left

rFire    . . .     SeeInvis .   (no weapon)
rCold    . . .     Gourm    .   (no shield)
rNeg     . . .     Faith    .   h - +0 leather armour
rPois    +         Spirit   .   b - +0 hat
rElec    .         Reflect  .   (no cloak)
rCorr    .         Harm     .   (no gloves)
MR       .....                  r - +2 pair of boots
Stlth    ++........             (no amulet)
HPRegen  0.08/turn              q - ring of poison resistance
MPRegen  0.14/turn              (no ring)

@: very slightly contaminated
A: no striking features
a: no special abilities


You were on level 3 of the Dungeon.
You were hungry.

You visited 1 branch of the dungeon, and saw 3 of its levels.

You collected 225 gold pieces.

Inventory:

Armour
 b - a +0 hat (worn)
 h - a +0 leather armour (worn)
 r - a +2 pair of boots (worn)
Jewellery
 k - an uncursed ring of ice
 q - a ring of poison resistance (left hand)
Scrolls
 a - a scroll of blinking {unknown}
 c - a scroll of fear {unknown}
 f - a scroll of enchant weapon {unknown}
 g - a scroll of magic mapping {unknown}
 l - a scroll of teleportation {unknown}
 n - a scroll of remove curse {unknown}
 p - a scroll of identify {unknown}
 s - a scroll of enchant armour {unknown}
Potions
 e - a potion of lignification {unknown}
 i - a potion of curing {unknown}
 j - a potion of haste {unknown}
 o - a potion of stabbing {unknown}
 t - a potion of heal wounds {unknown}
Comestibles
 d - 6 rations


   Skills:
 - Level 1.0 Fighting
 - Level 1.0 Armour
 + Level 2.9 Dodging
 - Level 2.4 Stealth
 * Level 6.0 Spellcasting
 + Level 2.4 Conjurations
 - Level 1.1 Summonings
 - Level 1.1 Translocations
 - Level 1.0 Fire Magic
 + Level 0.2 Air Magic


You had 4 spell levels left.
You knew the following spells:

 Your Spells              Type           Power        Failure   Level  Hunger
a - Magic Dart            Conj           ###.         4%          1    None
b - Mephitic Cloud        Conj/Pois/Air  ##......     28%         3    #......
c - Call Imp              Summ           ##......     13%         2    None
d - Blink                 Tloc           N/A          13%         2    None
e - Conjure Flame         Conj/Fire      ###.....     21%         3    #......

Your spell library contained the following spells:

 Spells                   Type           Power        Failure   Level  Hunger
 Slow                     Hex            #.......     21%         2    None


Dungeon Overview and Level Annotations

Branches:
Dungeon (3/15)

Altars:
Gozag


Message History

Aiming: Magic Dart (safe; 4% risk of failure)
Press: ? - help, Shift-Dir - straight line, f/p - orc
Aim: an orc, wielding a +0 mace (almost dead)
The magic dart hits something.
You hear some strange, mumbled words.
A puff of flame appears from out of thin air!
The puff of flame hits you!
* * * LOW HITPOINT WARNING * * *
Something hits you but does no damage.
Your crimson imp blinks!
Your crimson imp blinks!
Something hits you.
* * * LOW HITPOINT WARNING * * *
As you open the door, it creaks loudly! Something hits you but does no damage.
Your crimson imp closely misses the orc.
You hear some strange, mumbled words.
A puff of frost appears from out of thin air!
The puff of frost hits you!
You die...

#######...#........#####.###...#
#...#........# #.# #...#
#######...#........# #.. ....#
...................# ####....#
.............##############.....
.............# #......#.#+###
.............# #####......#.#
###.########## #..{o5.....#.#
#.# ####@###......#.# ## #.#
#............##.# .
#.#########.........<..##.#.#
#.....≈..##...............#.#
#.....≈..##.............†...#
##..≈....##...........#...###
#...≈...##...).......###.#
#..≈≈...##...........###.#
##.≈...###...........#...#


You could see an orc and a friendly crimson imp (summoned).

Vanquished Creatures
  3 gnolls (D:2)
  3 adders
  An ooze (D:1)
  4 dart slugs
  2 leopard geckos (D:1)
  16 bats
  3 giant cockroaches
  11 goblins
  6 hobgoblins
  3 jackals (D:1)
  A frilled lizard (D:1)
  6 kobolds
  5 rats
64 creatures vanquished.

Notes
Turn   | Place    | Note
-------+----------+-------------------------------------------
     0 | D:1      | pokeman the Deep Elf Wizard began the quest for the Orb.
     0 | D:1      | Reached XP level 1. HP: 10/10 MP: 7/7
   183 | D:1      | Reached XP level 2. HP: 13/16 MP: 1/9
   710 | D:1      | Reached skill level 5 in Spellcasting
   985 | D:1      | Reached XP level 3. HP: 18/20 MP: 3/11
   993 | D:1      | Learned a level 3 spell: Mephitic Cloud
   996 | D:1      | Learned a level 2 spell: Call Imp
   999 | D:1      | Learned a level 2 spell: Blink
  1003 | D:1      | Learned a level 3 spell: Conjure Flame
  1645 | D:2      | Reached skill level 1 in Fighting
  1645 | D:2      | Reached skill level 1 in Armour
  1846 | D:2      | Reached XP level 4. HP: 25/25 MP: 0/13
  2436 | D:2      | Found an opulent altar of Gozag.
  3051 | D:3      | Reached skill level 1 in Fire Magic
  3331 | D:3      | Reached skill level 6 in Spellcasting
  3402 | D:3      | HP: 1/25 [something (1)]
  3404 | D:3      | Killed from afar by an orc wizard

Illustrated notes

Levels and vault maps discovered:
D:1:      dpeg_arrival_stonehenge_12_columns, layout_loops_corners,
          minmay_hexomino_p4
D:2:      layout_loops_corners, old_standard_altar, minmay_misc_feat_iff
D:3:      layout_basic, serial_rivers, chequers_serial_rivers_small_a,
          chequers_serial_rivers_micro_c, chequers_serial_rivers_marsh,
          chequers_serial_rivers_small_a, chequers_serial_rivers_micro_a,
          chequers_serial_rivers_room_a, first_ration, fedhas_altar_1

Skill      XL: |  1  2  3  4 |
---------------+-------------+-----
Spellcasting   | 5 6 |  6.0
Fighting       | 1 |  1.0
Armour         | 1 |  1.0
Conjurations   | 2 |  2.4
Fire Magic     | 1 |  1.0
Dodging        | |  2.9
Stealth        | |  2.4
Summonings     | |  1.1
Translocations | |  1.1
Air Magic      | |  0.2

Action                   |  1- 3 |  4- 6 || total
-------------------------+-------+-------++-------
Melee: Unarmed           |    21 |       ||    21
 Cast: Magic Dart        |    96 |    62 ||   158
       Call Imp          |     2 |     2 ||     4
       Conjure Flame     |     2 |     1 ||     3
       Mephitic Cloud    |     2 |     1 ||     3
 Stab: Confused          |     1 |       ||     1
  Eat: Chunk             |     3 |     4 ||     7
Armor: Leather armour    |    21 |    10 ||    31
Dodge: Dodged            |    31 |     9 ||    40
